Unix NetHack Version 5.0.0-0 post-release - last build May 17 2026 04:57:42 (dc50c8380fa5e20985bfe3072449f57b8d9895ef,branch:main).

Game began 2026-05-20 16:41:16, ended 2026-05-20 16:55:01.

Ackbladder, neutral male gnomish Wizard

                                                         -----------
                                                         ..........|
                                                         |.........|
                                                         ..........|
                                                         |.........|
                                                         |.........|
                                                         |..@......|
                                                         -----------

Ackbladder the Thaumaturge  St:11 Dx:14 Co:12 In:19 Wi:10 Ch:10  Neutral
Dlvl:6  $:43 HP:0(47) Pw:4(64) AC:9  Xp:6 T:1955  Burdened

Latest messages:
 You kill the giant ant!
 The magic missile hits you!
 The missiles bounce off!
 The cave spider just misses!
 The cave spider bites!
 In what direction? 8
 The spell misses the cave spider.
 The spell hits the cave spider!
 You kill the cave spider!
 The cave spider bites!
 The cave spider spins a web.
 The cave spider bites!
 You miss the cave spider.
 The cave spider just misses!
 You miss the cave spider.
 The cave spider bites!
 You miss the cave spider.
 The cave spider bites!
 The cave spider bites!
 You kill the cave spider!
 You kill the cave spider!
 Really step into that web? [yn] (n) n
 Really step into that web? [yn] (n) y
 There is a web here.
 You stumble into a spider web!
 You have a little trouble lifting N - an oak wand.
 There is a cave spider corpse here; eat it? [ynq] (n) y
 Blecch!  Rotten food!
 You feel rather light headed.
 You are stuck to the web.
 The dingo bites!
 The dingo bites!
 You are stuck to the web.
 The dingo bites!
 You are stuck to the web.
 The dingo bites!
 The dingo bites!
 You feel less confused now.
 You hit the dingo.
 The dingo bites!
 The dingo bites!
 You miss the dingo.
 The dingo bites!
 What do you want to read? [i-mqryFGM or ?*] i
 As you read the scroll, it disappears.
 You materialize in a different location!
 You fall down the stairs.
 You die...
 Do you want your possessions identified? [ynq] (y) y
 Do you want to see your attributes? [ynq] (y) q

Inventory:
 Coins    ('$')
  $ - 43 gold pieces
 Weapons  (')')
  s - a cursed -1 long sword
  a - a blessed +1 quarterstaff (weapon in hands)
 Armor    ('[')
  x - an uncursed +0 orcish helm
  b - a blessed +0 cloak of magic resistance (being worn)
 Comestibles  ('%')
  A - an uncursed apple
  t - 2 uncursed food rations
  p - 2 uncursed fortune cookies
  v - 4 uncursed tripe rations
 Scrolls  ('?')
  G - 8 uncursed scrolls of blank paper
  y - an uncursed scroll of create monster
  j - a blessed scroll of earth
  k - an uncursed scroll of enchant armor
  M - 2 uncursed scrolls of identify
  q - an uncursed scroll of light
  r - an uncursed scroll of scare monster
 Spellbooks  ('+')
  m - an uncursed spellbook of confuse monster
  l - a blessed spellbook of force bolt
  F - an uncursed spellbook of magic missile
 Potions  ('!')
  H - an uncursed potion of gain ability
  h - an uncursed potion of gain level
  D - an uncursed potion of healing
  f - a blessed potion of levitation
  J - an uncursed potion of levitation
  g - a blessed potion of object detection
  u - an uncursed potion of restore ability
 Rings    ('=')
  e - an uncursed ring of cold resistance
  d - an uncursed ring of free action (on right hand)
 Wands    ('/')
  c - a wand of polymorph (0:6)
  N - a wand of speed monster (0:6)
 Tools    ('(')
  z - a +0 grappling hook
  n - a magic marker (0:22)
  w - an uncursed oil lamp
  L - an uncursed towel

Ackbladder the Wizard's attributes:

Background:
 You were a Thaumaturge, a level 6 male gnomish Wizard.
 You were neutral, on a mission for Thoth
 who was opposed by Ptah (lawful) and Anhur (chaotic).
 You were right-handed.
 You were in the Dungeons of Doom, on level 6.
 You entered the dungeon 1955 turns ago.
 You had 479 experience points, 161 more were needed to attain level 7.

Basics:
 You had 0 out of 47 hit points.
 You had 4 out of 64 energy points (spell power).
 Your armor class was 9.
 Your wallet contained 43 zorkmids.
 Autopickup was off.

Final Characteristics:
 Your strength was 11 (limit:18/50).
 Your dexterity was 14 (limit:18).
 Your constitution was 12 (limit:18).
 Your intelligence was 19 (limit:19).
 Your wisdom was 10 (limit:18).
 Your charisma was 10 (limit:18).

Final Status:
 You weren't hungry.
 You were burdened; movement was slightly slowed.
 You were wielding a quarterstaff.
 You had basic skill with quarterstaff.

Final Attributes:
 You were devoutly aligned.
 You were magic-protected.
 You had infravision.
 You were warded.
 You had free action.
 You are dead.

Miscellaneous:
 You didn't encounter any bones levels.
 Total elapsed playing time was 13 minutes and 45 seconds.

Major events:
 Turn
    1: Ackbladder the neutral male gnomish Wizard entered the dungeon
  316: entered the Gnomish Mines
  974: attained the rank of Conjurer (level 3)
 1731: attained the rank of Thaumaturge (level 6)
 1955: killed by tumbling down a flight of stairs

Spells:
 Name                 Level Category     Fail Retention
 force bolt             1   attack         0%  91%-100%
 confuse monster        1   enchantment    0%  91%-100%
 magic missile          2   attack         0%  91%-100%

Skills:
 Fighting Skills
   bare handed combat [Unskilled]
   riding             [Unskilled]
 Weapon Skills
   dagger             [Unskilled]
   knife              [Unskilled]
   axe                [Unskilled]
   short sword        [Unskilled]
   club               [Unskilled]
   mace               [Unskilled]
   quarterstaff       [Basic]
   polearms           [Unskilled]
   spear              [Unskilled]
   trident            [Unskilled]
   sling              [Unskilled]
   dart               [Unskilled]
   shuriken           [Unskilled]
 Spellcasting Skills
   attack spells      [Basic]
   healing spells     [Unskilled]
   divination spells  [Unskilled]
   enchantment spells [Basic]
   clerical spells    [Unskilled]
   escape spells      [Unskilled]
   matter spells      [Unskilled]

Voluntary challenges:
 Character rerolling was not enabled.
 You never genocided any monsters.
 You never polymorphed an object.
 You never changed form.
 You used no wishes.
Achievements:
 You entered the Gnomish Mines.
 You entered a shop.
 You attained the rank of Conjurer.
 You attained the rank of Thaumaturge.

 The Dungeons of Doom: levels 1 to 6
    Level 1:
    Level 2:
       A general store.
       Stairs down to The Gnomish Mines.
    Level 3:
       A general store, a fountain.
    Level 4:
       A general store, a fountain.
    Level 5:
    Level 6: <- You were here.
       Final resting place for
          you, killed by tumbling down a flight of stairs.
 The Gnomish Mines:
    Level 3:


Vanquished creatures:
  9 small mimics
  2 paper golems
  a giant ant
  a floating eye
  a kitten
  a kobold leader
  2 iguanas
  a hobbit
  a manes
  2 large kobolds
  7 cave spiders
  a yellow mold
  3 geckos
  2 jackals
  a fox
  3 goblins
  a grid bug
  6 lichens
  a newt
46 creatures vanquished.

No species were genocided or became extinct.

Game over:
                       ----------
                      /          \
                     /    REST    \
                    /      IN      \
                   /     PEACE      \
                  /                  \
                  |    Ackbladder    |
                  |      43 Au       |
                  |    killed by     |
                  | tumbling down a  |
                  | flight of stairs |
                  |                  |
                  |       2026       |
                 *|     *  *  *      | *
        _________)/\\_//(\/(/\)/\//\/|_)_______

Goodbye Ackbladder the Wizard...

You died in The Dungeons of Doom on dungeon level 6 with 2205 points,
and 43 pieces of gold, after 1955 moves.
You were level 6 with a maximum of 47 hit points when you died.

